 Dungeon Crawl Stone Soup version 0.30.1-6-gbe392663c4 (webtiles) character file.

Game seed: 9155711682385990965

111 Kurtz the Chopper (level 4, -3/28 HPs)
             Began as a Tengu Fighter on Sept 21, 2023.
             Slain by a gnoll
             ... wielding a +0 spear of flaming
             ... led by a gnoll bouda
              (4 damage)
             ... on level 3 of the Dungeon.
             The game lasted 00:00:37 (1175 turns).

Kurtz the Chopper (Tengu Fighter)                   Turns: 1175, Time: 00:00:37

Health: -3/28      AC:  6    Str: 18    XL:     4   Next: 92%
Magic:  5/5        EV:  9    Int:  9    God:
Gold:   116        SH:  4    Dex: 13    Spells: 3/3 levels left

rFire   . . .        a - +0 war axe
rCold   . . .        c - +0 buckler
rNeg    . . .        b - +0 scale mail
rPois   .            (helmet restricted)
rElec   .            (no cloak)
rCorr   .            (no gloves)
SInv    .            (boots unavailable)
Will    .....        (no amulet) Stlth
                     (no ring)
HPRegen 0.24/turn    (no ring)
MPRegen 0.09/turn

%: no passive effects
@: no status effects
A: beak, talons 3
a: no special abilities


You were on level 3 of the Dungeon.
You visited 1 branch of the dungeon, and saw 3 of its levels.

You collected 116 gold pieces.

Inventory:

Hand Weapons
 a - a +0 war axe (weapon)
Armour
 b - a +0 scale mail (worn)
 c - a +0 buckler (worn)
Scrolls
 g - 2 scrolls of identify {unknown}
 h - a scroll of enchant weapon {unknown}
 i - a scroll of teleportation {unknown}
Potions
 d - a potion of might
 e - 2 potions of brilliance {unknown}
 f - 2 potions of berserk rage {unknown}
 j - a potion of cancellation {unknown}


   Skills:
 - Level 3.0 Fighting
 * Level 5.4 Axes
 - Level 3.2 Armour
 - Level 3.0 Shields


You had 3 spell levels left.
You didn't know any spells.
Your spell library was empty.

Dungeon Overview and Level Annotations

Branches:
Dungeon (3/15)

Altars:


Innate Abilities, Weirdness & Mutations

You have a beak for a mouth.
You have claws for feet.


Message History

The gnoll shouts!
You hear a shout!
The gnoll closely misses you.
You hear a shout!
There are monsters nearby!
You barely miss the gnoll bouda. You claw the gnoll bouda!
The gnoll bouda is heavily wounded.
The gnoll hits you from afar with a +0 spear.
The gnoll bouda hits you but does no damage.
You hit the gnoll bouda.
The gnoll bouda is severely wounded.
The gnoll closely misses you.
The gnoll bouda barks out a call to the hunt!
The gnolls pick up the pace!
You slash the gnoll bouda!
You kill the gnoll bouda!
The gnoll hits you from afar with a +0 spear.
Your Axes skill increases to level 5!
A gnoll comes into view. It is wielding a +0 club.
The gnoll misses you.
Things that are here:
a +2 whip of flaming; a +0 leather armour Unknown command.
You barely miss the gnoll. You claw the gnoll.
The gnoll is heavily wounded.
The gnoll hits you with a +0 spear.
A gnoll comes into view. It is wielding a +0 spear of flaming.
The gnoll hits you with a +0 spear.
You slash the gnoll!
You kill the gnoll!
Unknown command.
You are too injured to fight recklessly!
You slash the gnoll! You peck the gnoll.
You kill the gnoll!
The gnoll hits you from afar with a +0 spear of flaming.
The gnoll burns you.
* * * LOW HITPOINT WARNING * * *
The gnoll hits you with a +0 spear of flaming!
* * * LOW HITPOINT WARNING * * *
The gnoll burns you.
You die...

##########
#gg@)....#
#.######.#
# #.# #.#
#.# #.#
#.# #.#
#.#


You could see 2 gnolls.

Vanquished Creatures
  A gnoll bouda (D:3)
  2 adders (D:2)
  2 gnolls (D:3)
  2 dart slugs (D:1)
  3 ball pythons (D:1)
  3 bats
  2 endoplasms
  A giant cockroach (D:1)
  2 goblins
  8 hobgoblins
  3 jackals (D:1)
  2 quokkas (D:3)
  4 frilled lizards
  5 rats (D:1)
40 creatures vanquished.

Notes
Turn   | Place    | Note
-------+----------+-------------------------------------------
     0 | D:1      | Kurtz the Tengu Fighter began the quest for the Orb.
     0 | D:1      | Reached XP level 1. HP: 14/14 MP: 2/2
   132 | D:1      | Reached skill level 3 in Axes
   132 | D:1      | Reached XP level 2. HP: 19/19 MP: 3/3
   328 | D:1      | Reached XP level 3. HP: 23/23 MP: 4/4
   477 | D:2      | Reached skill level 4 in Axes
   967 | D:2      | Reached XP level 4. HP: 28/28 MP: 5/5
  1171 | D:3      | Reached skill level 5 in Axes
  1175 | D:3      | HP: 1/28 [gnoll/+0 spear of flaming[a gnoll bouda] (7)]
  1175 | D:3      | Slain by a gnoll

Illustrated notes

Levels and vault maps discovered:
D:1:      dpeg_arrival_tiny_h, layout_rooms
D:2:      layout_loops_ring
D:3:      layout_basic, mainiacjoe_overflow_catwalk_spiral, hex_large,
          minmay_box_of_dots

Skill      XL: |  1  2  3  4 |
---------------+-------------+-----
Axes           | 3 4 5 |  5.4
Fighting       | |  3.0
Armour         | |  3.2
Shields        | |  3.0

Action                     |  1- 3 |  4- 6 || total
---------------------------+-------+-------++-------
  Melee: War axe           |    69 |    16 ||    85
         Kick              |    16 |     5 ||    21
         Peck              |    11 |     2 ||    13
 Armour: Scale mail        |    25 |     7 ||    32
  Dodge: Dodged            |    35 |     7 ||    42
  Block: Buckler           |    13 |       ||    13
